AoeStats
← ArtyParty92

Arabia

510225449Analyzed
1v1 RM · 13h ago on Sep 30, 2026· 36m 20s· 2 players
Game mode
Random Map
Map size
Tiny (2 player)
Population
200
Speed
Normal
Resources
Standard
Victory
Conquest
Starting age
Dark Age
Ending age
Imperial Age
RankedLock teamsTeams togetherTeam positionsShared explorationLock speedFull tech treeHidden civsTurbo modeCheats
Victory
Defeat
🇺🇸 Teutons · United States
193
+23
🇺🇸 Slavs · United States
347
-23
Mantis
11:30 Feudal Age
9:48 Loom
13:08 Wheelbarrow
12:59 Double-Bit Axe
13:38 Horse Collar
24:45 Castle Age
24:02 Gold Mining
24:03 Stone Mining
24:10 Fletching
24:21 Padded Archer Armor
24:27 Scale Barding Armor
25:33 Bloodlines
25:36 Forging
31:33 Heavy Plow
ArtyParty92
0:34 Loom
11:53 Feudal Age
11:58 Man-at-Arms
12:23 Horse Collar
13:53 Double-Bit Axe
26:17 Castle Age
26:45 Forging
27:19 Fletching
27:54 Crossbowman
31:37 Long Swordsman
32:37 Gold Mining
33:38 Pikeman
35:40 Gold Shaft Mining
Connection lost

Rejoining the realm…

Still unreachable

The connection could not be restored.

Session expired

The server has moved on; the page needs a fresh start.